 Dungeon Crawl Stone Soup version 0.25-a0-502-g6516661a7a (webtiles) character file.

Game seed: 4915570927748096780, levelgen mode: deterministic

1562 mopl the Jester (level 8, -3/52 HPs)
             Began as a Demonspawn Enchanter on Feb 11, 2020.
             Was a Follower of Nemelex Xobeh.
             Slain by an ogre
             ... wielding a +0 giant club
              (21 damage)
             ... on level 5 of the Dungeon on Feb 12, 2020.
             The game lasted 00:12:30 (6583 turns).

mopl the Jester (Demonspawn Enchanter)              Turns: 6583, Time: 00:12:30

Health: -3/52      AC:  7    Str:  9    XL:     8   Next: 58%
Magic:  0/14       EV: 12    Int: 19    God:    Nemelex Xobeh [*.....]
Gold:   328        SH:  0    Dex: 13    Spells: 3/15 levels left

rFire    + + .     SeeInvis .   a - +1 dagger (elec)
rCold    . . .     Gourm    .   (no shield)
rNeg     . . .     Faith    .   b - +0 robe
rPois    .         Spirit   +   (no helmet)
rElec    .         Reflect  .   y - +1 cloak of the Evening {rF+ MR+}
rCorr    .         Harm     .   (no gloves)
MR       +....                  k - +0 pair of boots
Stlth    ++........             j - amulet of guardian spirit
HPRegen  0.17/turn              e - ring of attention (curse)
MPRegen  0.14/turn              s - ring of protection from fire

@: no status effects
A: talons 2, iridescent scales 1, powered by pain 1
a: Draw Escape, Draw Destruction, Draw Summoning, Renounce Religion


You were on level 5 of the Dungeon.
You worshipped Nemelex Xobeh.
Nemelex Xobeh was aware of your devotion.
You were not hungry.

You visited 1 branch of the dungeon, and saw 5 of its levels.

You collected 328 gold pieces.

Inventory:

Hand Weapons
 a - a +1 dagger of electrocution (weapon)
Missiles
 r - 67 poisoned darts (quivered)
 u - 2 throwing nets
 v - 3 curare-tipped darts
 w - 4 boomerangs
Armour
 b - a +0 robe (worn)
 f - a +0 kite shield
 k - a +0 pair of boots (worn)
 y - the +1 cloak of the Evening (worn) {rF+ MR+}
   (You found it on level 5 of the Dungeon)

   It protects you from fire.
   It affects your resistance to hostile enchantments.
   If you remove this armour, your AC will decrease by 2 (7 -> 5).
Jewellery
 e - a cursed ring of attention (left hand)
 j - an amulet of guardian spirit (around neck)
 s - a ring of protection from fire (right hand)
Scrolls
 g - 3 scrolls of enchant weapon
 i - a scroll of magic mapping {unknown}
 l - a scroll of fog {unknown}
 m - 4 scrolls of remove curse {unknown}
 p - a scroll of teleportation {unknown}
 q - a scroll of amnesia {unknown}
Potions
 h - 3 potions of invisibility
 n - 3 potions of heal wounds
 o - 3 potions of curing
 t - a potion of resistance
 x - a potion of mutation {!q}
 z - 3 potions of brilliance
 A - a potion of might {unknown}
Comestibles
 c - 10 rations
 d - a chunk of flesh


   Skills:
 - Level 0.8 Short Blades
 + Level 3.1 Throwing
 - Level 1.7 Dodging
 + Level 4.9 Stealth
 + Level 4.3 Spellcasting
 + Level 1.7 Conjurations
 + Level 5.1 Hexes
 + Level 3.3 Ice Magic
 * Level 6.9 Invocations


You had 3 spell levels left.
You knew the following spells:

 Your Spells              Type           Power        Failure   Level  Hunger
a - Corona                Hex            ###....      1%          1    None
b - Ensorcelled Hibernat  Hex/Ice        ###...       3%          2    #......
c - Confusing Touch       Hex            ###.....     4%          3    ###....
d - Tukima's Dance        Hex            ###.....     4%          3    ###....
g - Dazzling Flash        Conj/Hex       ###...       10%         3    ###....

Your spell library contained the following spells:

 Spells                   Type           Power        Failure   Level  Hunger


Dungeon Overview and Level Annotations

Branches:
Dungeon (5/15)
 Temple: D:4-7

Altars:
Dithmenos
Makhleb
Nemelex Xobeh
Okawaru
Ru
Trog
Wu Jian


Innate Abilities, Weirdness & Mutations

You have razor-sharp toenails.
You are partially covered in iridescent scales. (AC +2)
You sometimes gain a little power by taking damage.


Message History

You now have 328 gold pieces (gained 12).
A - a green potion An ogre comes into view.
It is wielding a +0 giant club.
Okay, then.
Found a shiny helmet.
The ogre shouts!
You hit the ogre.
The ogre is lightly wounded.
The ogre hits you with a +0 giant club!!
You hit the ogre but do no damage.
The ogre is lightly wounded.
The ogre hits you with a +0 giant club!!
You are too injured to fight recklessly!
The ogre hits you with a +0 giant club.
* * * LOW HITPOINT WARNING * * *
Things that are here:
a +0 trident; an orc skeleton The ogre hits you with a +0 giant club!!
You die...
Your body glows slightly and disappears.

###....#..# ####.....#####
.#.....#.## ##......#..
.........# #...†......
.........# ##.#........
.........# ##..#.........
.......<..####..##.........
................##....##...
##.......................#
##.............@.......##
#. ..............O)....##
#. ..............# ##.# #.
......####...## #..# #.
..##..# #...# #..# #. #
##..###...#####..###.
#...#.............#.
#.#................
#..................


You could see an ogre.

Vanquished Creatures
  Pikel (D:3)
  A water moccasin (D:5)
  A sky beast (D:4)
  2 slaves (D:3)
  2 scorpions (D:5)
  A howler monkey (D:5)
  A crimson imp (D:5)
  2 orc wizards
  An orc priest (D:5)
  A gnoll shaman (D:4)
  A hound (D:4)
  An iguana (D:5)
  2 worker ants
  A hound skeleton (D:5)
  6 gnolls
  3 adders
  An ooze (D:2)
  2 adder zombies (D:5)
  An adder skeleton (D:5)
  3 worms
  A dart slug (D:1)
  3 leopard geckos
  10 orcs
  3 giant cockroaches
  4 goblins
  8 hobgoblins
  8 jackals
  3 quokkas
  A ball python zombie (D:5)
  4 bats
  5 frilled lizards
  A jackal skeleton (D:4)
  5 kobolds
  A leopard gecko skeleton (D:4)
  6 rats
97 creatures vanquished.

Vanquished Creatures (collateral kills)
  Sigmund (D:4)
  3 ogres
  An orc wizard (D:4)
  A gnoll (D:4)
  An orc (D:4)
7 creatures vanquished.

Vanquished Creatures (others)
  2 slaves (D:4)
  A worker ant (D:4)
3 creatures vanquished.

Grand Total: 107 creatures vanquished

Notes
Turn   | Place    | Note
-------+----------+-------------------------------------------
     0 | D:1      | mopl the Demonspawn Enchanter began the quest for the Orb.
     0 | D:1      | Reached XP level 1. HP: 13/13 MP: 3/3
   504 | D:1      | Gained mutation: You sometimes gain a little power by
                  | taking damage. [demonic ancestry]
   504 | D:1      | Reached XP level 2. HP: 19/19 MP: 3/5
   509 | D:1      | Learned a level 2 spell: Ensorcelled Hibernation
   550 | D:1      | Reached skill level 3 in Stealth
  1162 | D:2      | Reached XP level 3. HP: 11/24 MP: 3/6
  1399 | D:2      | Learned a level 3 spell: Tukima's Dance
  2037 | D:2      | Found a bloodstained altar of Trog.
  2054 | D:3      | Found a sparkling altar of Nemelex Xobeh.
  2107 | D:3      | Became a worshipper of Nemelex Xobeh the Trickster
  2551 | D:3      | Reached skill level 1 in Ice Magic
  2615 | D:3      | Received a gift from Nemelex Xobeh
  2628 | D:3      | Upgraded the game from 0.25-a0-492-g44cc58d149 to
                  | 0.25-a0-502-g6516661a7a
  2801 | D:3      | Reached skill level 1 in Invocations
  2849 | D:3      | Reached XP level 4. HP: 9/30 MP: 0/7
  3105 | D:3      | Found a sacrificial altar of Ru.
  3106 | D:3      | Found a shadowy altar of Dithmenos.
  3265 | D:3      | Received a gift from Nemelex Xobeh
  3442 | D:3      | Found a burning altar of Makhleb.
  3686 | D:4      | Noticed an ogre
  4000 | D:4      | Noticed Pikel
  4000 | D:4      | Noticed a slave
  4000 | D:4      | Noticed a slave
  4048 | D:3      | Killed a slave
  4247 | D:3      | Killed a slave
  4423 | D:3      | Killed Pikel
  4423 | D:3      | Reached skill level 1 in Throwing
  4423 | D:3      | Reached skill level 4 in Stealth
  4423 | D:3      | Reached skill level 3 in Spellcasting
  4423 | D:3      | Reached skill level 4 in Hexes
  4423 | D:3      | Reached skill level 2 in Ice Magic
  4423 | D:3      | Reached skill level 4 in Invocations
  4423 | D:3      | Reached XP level 5. HP: 16/35 MP: 0/10
  4423 | D:3      | Gained mutation: You are partially covered in iridescent
                  | scales. (AC +2) [demonic ancestry]
  4423 | D:3      | Reached XP level 6. HP: 18/41 MP: 0/11
  4423 | D:3      | Gained mutation: You have sharp toenails. [demonic
                  | ancestry]
  4423 | D:3      | Reached XP level 7. HP: 21/46 MP: 0/12
  4622 | D:4      | Reached * piety under Nemelex Xobeh
  4627 | D:4      | Reached skill level 2 in Throwing
  4702 | D:4      | Found an ornate altar of the Wu Jian Council.
  4727 | D:4      | Noticed Sigmund
  4879 | D:4      | Reached skill level 5 in Invocations
  4893 | D:4      | Found an iron altar of Okawaru.
  5108 | D:4      | Killed Sigmund
  5345 | D:4      | Learned a level 3 spell: Dazzling Flash
  5349 | D:4      | Learned a level 3 spell: Confusing Touch
  5350 | D:5      | Entered Level 5 of the Dungeon
  5360 | D:5      | Reached skill level 6 in Invocations
  5360 | D:5      | Gained mutation: You have razor-sharp toenails. [demonic
                  | ancestry]
  5360 | D:5      | Reached XP level 8. HP: 33/52 MP: 10/13
  5379 | D:5      | Reached skill level 4 in Spellcasting
  5379 | D:5      | Reached skill level 3 in Ice Magic
  5990 | D:5      | Reached skill level 1 in Conjurations
  6011 | D:5      | Reached skill level 3 in Throwing
  6011 | D:5      | Reached skill level 5 in Hexes
  6322 | D:5      | Received a gift from Nemelex Xobeh
  6439 | D:5      | Got a heavily runed cloak
  6445 | D:5      | Identified the +1 cloak of the Evening {rF+ MR+} (You found
                  | it on level 5 of the Dungeon)
  6583 | D:5      | Slain by an ogre

Levels and vault maps discovered:
D:1:      minmay_arrival_four_houses, layout_basic
D:2:      layout_basic, lightli_temple_of_fire, first_ration,
          palyth_stone_intersect, minmay_misc_feat_nine_boxes
D:3:      layout_basic, grunt_temple_overflow_open, marbit_many_paths,
          lemuel_coloured_pillars_altar
D:4:      layout_loops_ring, lemuel_crystal_altar, lemuel_doored_altar,
          serial_glass, glass_columns_c, glass_columns_a, uniq_pikel,
          uniq_sigmund
D:5:      layout_layer_cave, minmay_fractal_squares_diagonal_5,
          uniq_prince_ribbit1

Skill      XL: |  1  2  3  4  5  6  7  8 |
---------------+-------------------------+-----
Stealth        | 3 4 |  4.9
Ice Magic      | 1 2 3 |  3.3
Invocations    | 1 4 6 |  6.9
Throwing       | 1 2 3 |  3.1
Spellcasting   | 3 4 |  4.3
Hexes          | 4 5 |  5.1
Conjurations   | 1 |  1.7
Short Blades   | |  0.8
Dodging        | |  1.7

Action                   |  1- 3 |  4- 6 |  7- 9 || total
-------------------------+-------+-------+-------++-------
Melee: Dagger            |   213 |    44 |   167 ||   424
Throw: Throwing net      |     5 |       |       ||     5
       Dart              |       |    13 |       ||    13
 Cast: Corona            |     7 |       |       ||     7
       Ensorcelled Hiber |    10 |    11 |    24 ||    45
       Tukima's Dance    |       |     1 |     7 ||     8
       Dazzling Flash    |       |       |     2 ||     2
 Abil: Draw Destruction  |       |     4 |     2 ||     6
       Draw Summoning    |       |       |     1 ||     1
  Use: Scroll            |     2 |     3 |     2 ||     7
       Potion            |       |       |     1 ||     1
 Stab: Sleeping          |     3 |     7 |    10 ||    20
  Eat: Chunk             |     7 |     4 |     7 ||    18
       Ration            |       |     1 |       ||     1
Armor: Robe              |    58 |    15 |    32 ||   105
Dodge: Dodged            |   150 |    42 |   100 ||   292

Table legend:
 A = Non-vault XP
 B = Vault XP
 C = Vault XP percentage of total XP
 D = Non-vault monster count
 E = Vault monster count
 F = Vault count percentage of total count
                 A         B        C        D         E       F
            +---------+---------+-------+---------+---------+-------
      Total |    1271 |     961 |  43.1 |      95 |       7 |   6.9
            +---------+---------+-------+---------+---------+-------
        D:1 |      29 |       0 |   0.0 |      16 |       0 |   0.0
        D:2 |      31 |       0 |   0.0 |      14 |       0 |   0.0
        D:3 |      98 |     642 |  86.8 |      25 |       2 |   7.4
        D:4 |     450 |     171 |  27.5 |      19 |       1 |   5.0
        D:5 |     663 |     148 |  18.2 |      21 |       4 |  16.0
            +---------+---------+-------+---------+---------+-------
